 Dungeon Crawl Stone Soup version 0.29.0-5-ge4962eb29e (webtiles) character file.

Game seed: 3870042757555316105

399 xian the Magician (level 6, -2/51 HPs)
             Began as a Draconian Hedge Wizard on Aug 29, 2022.
             Was an Initiate of Nemelex Xobeh.
             Killed from afar by a gnoll (17 damage)
             ... with a bolt of dispelling energy
             ... on level 4 of the Dungeon.
             The game lasted 00:08:56 (4368 turns).

xian the Magician (Draconian Hedge Wizard)          Turns: 4368, Time: 00:08:56

Health: -2/51      AC:  8    Str: 15    XL:     6   Next: 54%
Magic:  11/12      EV: 12    Int: 14    God:    Nemelex Xobeh [......]
Gold:   127        SH:  0    Dex: 16    Spells: 10/13 levels left

rFire   + . .      SeeInvis .   h - +1 dagger (venom)
rCold   x . .      Faith    .   (no shield)
rNeg    . . .      Spirit   .   (body armour unavailable)
rPois   .          Reflect  .   b - +0 hat
rElec   .          Harm     .   p - +1 cloak
rCorr   .          Rampage  .   (no gloves)
Will    .....                   (no boots)
Stlth   ++........              (no amulet)
HPRegen 0.17/turn               l - +6 ring of dexterity
MPRegen 0.13/turn               j - ring of fire

@: no status effects
A: AC +6, unfitting armour, cold-blooded
a: Renounce Religion, Draw Escape, Draw Destruction, Draw Summoning


You were on level 4 of the Dungeon.
You worshipped Nemelex Xobeh.
Nemelex Xobeh was noncommittal.
You visited 2 branches of the dungeon, and saw 5 of its levels.

You collected 127 gold pieces.

Inventory:

Hand Weapons
 h - a +1 dagger of venom (weapon)
Missiles
 t - a throwing net
Armour
 b - a +0 hat (worn)
 p - a +1 cloak (worn)
Jewellery
 j - a ring of fire (right hand)
 l - a +6 ring of dexterity (left hand)
Scrolls
 a - a scroll of teleportation {unknown}
 f - 2 scrolls of fear
 i - a scroll of butterflies {unknown}
 k - 3 scrolls of noise {unknown}
 q - a scroll of summoning {unknown}
 u - 2 scrolls of amnesia {unknown}
 v - 2 scrolls of immolation
Potions
 c - 3 potions of magic
 d - a potion of haste {unknown}
 e - 2 potions of curing {unknown}
 g - 2 potions of might
 n - 2 potions of ambrosia
 o - a potion of attraction {unknown}
 r - a potion of berserk rage {unknown}
 s - 2 potions of mutation {unknown}
 w - a potion of lignification {unknown}


   Skills:
 * Level 3.2 Fighting
 + Level 2.0 Short Blades
 + Level 2.5 Dodging
 + Level 2.5 Stealth
 + Level 4.4 Spellcasting
 + Level 2.8 Conjurations
 + Level 1.4 Summonings
 + Level 1.0 Translocations


You had 10 spell levels left.
You knew the following spells:

 Your Spells              Type           Power      Damage    Failure   Level
a - Magic Dart            Conj           40%        1d5       6%          1
b - Call Imp              Summ           7%         N/A       16%         2

Your spell library contained the following spells:

 Spells                   Type           Power      Damage    Failure   Level
 Slow                     Hex            12%        N/A       19%         1
 Blink                    Tloc           10%        N/A       19%         2
 Conjure Flame            Conj/Fire      10%        6-21      30%         3
 Mephitic Cloud           Conj/Pois/Air  5%         N/A       36%         3


Dungeon Overview and Level Annotations

Branches:
Dungeon (4/15)             Temple (1/1) D:4

Altars:
Dithmenos
Elyvilon
Fedhas
Gozag
Kikubaaqudgha
Makhleb
Nemelex Xobeh
Ru
Trog
Vehumet
Xom
Yredelemnul
The Shining One

Shops:
D:1 :

Annotations:
D:4 1 transporter


Innate Abilities, Weirdness & Mutations

Your plain brown scales are hard. (AC +6)
You cannot fit into any form of body armour.
You are cold-blooded and may be slowed by cold attacks.


Message History

The gnoll bouda is heavily wounded.
The gnoll barely misses you.
Your crimson imp closely misses the gnoll bouda.
The gnoll barely misses you. The gnoll bouda barely misses you.
You closely miss the gnoll bouda.
The gnoll bouda is heavily wounded.
The gnoll hits you but does no damage.
Your crimson imp hits the gnoll bouda.
The gnoll barely misses you.
Unknown command.
You barely miss the gnoll bouda.
The gnoll bouda is severely wounded.
The gnoll bouda barks out a call to the hunt!
The gnolls pick up the pace!
The gnoll barely misses you.
Your crimson imp closely misses the gnoll bouda.
Unknown command.
You puncture the gnoll bouda!
You kill the gnoll bouda!
The gnoll hits you but does no damage.
The gnoll zaps a wand.
The bolt of dispelling energy misses your crimson imp.
The bolt of dispelling energy hits you!
Your magical effects are unravelling.
* * * LOW HITPOINT WARNING * * *
The gnoll hits you but does no damage.
Your Short Blades skill increases to level 2!
You feel much better.
You feel a little less mighty now.
The gnoll hits you from afar with a +0 halberd.
The gnoll hits you but does no damage.
Your crimson imp hits the gnoll.
The gnoll zaps a wand.
The bolt of dispelling energy hits you!
* * * LOW HITPOINT WARNING * * *
You closely miss the gnoll. You tail-slap the gnoll.
The gnoll is lightly wounded.
The gnoll misses you. x2; Your crimson imp hits the gnoll.
Unknown command.
You hit the gnoll.
The gnoll is poisoned.
The gnoll is heavily wounded.
The gnoll zaps a wand.
The bolt of dispelling energy hits you!
You die...
Your body disappears without a glow.

.# #.≈≈#.... .....#≈≈.#.#
.######.≈≈###.##
#.###≈≈.#.# .....##.≈≈..#
#. #.#..≈≈...#
.....##.≈≈.##.# #.##.≈≈.###
## .....##.≈≈.#.. #.©#.≈≈.#
#. .....##.≈≈.##
#####.##.≈≈.# #.
####........#.#8⌠8#.#..≈≈.#
#. #.#.....©#.'.g.gg#©.~~.#
#. #.##.....#.#P@5#.#..≈≈.#
#. #.##.≈≈.## ##.##.##.≈≈.#
#. #.##.≈≈.#.. ).P#..#.≈≈.#
###.
#.##.≈≈.##.g...'.##.≈≈.#
##...
#.##.≈≈..#.#P.P#.#..≈≈.#
#..## #.
..≈≈###.##'##.###≈≈.###.##
...≈≈#... ......?#≈≈.##..#
#. #.###.##≈≈....## #.
#≈≈..###


You could see 4 gnolls and a friendly crimson imp (summoned).

Vanquished Creatures
  Sigmund (D:2)
  Crazy Yiuf (D:2)
  A gnoll bouda (D:4)
  Jessica (D:3)
  Robin (D:2)
  2 gnolls
  3 adders
  3 worms
  3 dart slugs
  2 orcs (D:3)
  6 ball pythons
  6 endoplasms
  2 giant cockroaches
  12 goblins
  12 hobgoblins
  4 quokkas
  3 bats
  3 frilled lizards
  13 kobolds
  2 rats
81 creatures vanquished.

Vanquished Creatures (collateral kills)
  An endoplasm (D:2)
1 creature vanquished.

Vanquished Creatures (others)
  2 plants (D:4)
2 creatures vanquished.

Grand Total: 84 creatures vanquished

Notes
Turn   | Place    | Note
-------+----------+-------------------------------------------
     0 | D:1      | xian the Draconian Hedge Wizard began the quest for the
                  | Orb.
     0 | D:1      | Reached XP level 1. HP: 14/14 MP: 4/4
    42 | D:1      | Reached skill level 1 in Fighting
   193 | D:1      | Found Ima Natu's Book Shoppe.
   296 | D:1      | Reached XP level 2. HP: 23/23 MP: 0/6
   489 | D:1      | Reached XP level 3. HP: 9/28 MP: 7/7
   860 | D:1      | Learned a level 2 spell: Call Imp
   992 | D:1      | Found a faded altar of an unknown god.
  1477 | D:2      | Noticed Sigmund
  1492 | D:2      | Killed Sigmund
  1493 | D:2      | Reached skill level 1 in Short Blades
  1493 | D:2      | Reached skill level 4 in Spellcasting
  1493 | D:2      | Reached XP level 4. HP: 18/37 MP: 0/10
  1493 | D:2      | Reached XP level 5. HP: 21/42 MP: 0/11
  2032 | D:2      | Found a runed translucent door.
  2033 | D:2      | Noticed Crazy Yiuf
  2066 | D:2      | Killed Crazy Yiuf
  2421 | D:2      | Noticed Robin
  2426 | D:2      | Reached XP level 6. HP: 48/50 MP: 12/12
  2451 | D:2      | Killed Robin
  2804 | D:3      | Noticed Jessica
  2819 | D:3      | Killed Jessica
  2928 | D:3      | Found a bloodstained altar of Trog.
  3531 | D:3      | Found an ancient bone altar of Kikubaaqudgha.
  4053 | D:4      | Found a staircase to the Ecumenical Temple.
  4073 | Temple   | Entered the Ecumenical Temple
  4117 | Temple   | Became a worshipper of Nemelex Xobeh the Trickster
  4296 | D:4      | Found a transporter.
  4345 | D:4      | Found a transporter.
  4368 | D:4      | Killed from afar by a gnoll

Illustrated notes

Levels and vault maps discovered:
D:1:      minmay_arrival_four_houses, layout_rooms,
          dilly_ecumenical_altar_fadedgnrine, serial_shops, shop
D:2:      minmay_evil_eye, layout_basic, hex_large, uniq_crazy_yiuf_cottage,
          uniq_robin, uniq_sigmund
D:3:      layout_basic, lemuel_tele_altar, trog_hazing_becter, uniq_jessica
D:4:      layout_basic, minmay_temple_entry_mini_moons,
          gammafunk_ghost_gnarly_gnolls
Temple:   jpeg_temple_clearing

Skill      XL: |  1  2  3  4  5  6 |
---------------+-------------------+-----
Fighting       | 1 2 3 |  3.2
Dodging        | 2 |  2.5
Stealth        | 2 |  2.5
Short Blades   | 1 2 |  2.0
Spellcasting   | 4 |  4.4
Conjurations   | 2 |  2.8
Summonings     | |  1.4
Translocations | |  1.0

Action                   |  1- 3 |  4- 6 || total
-------------------------+-------+-------++-------
Melee: Dagger            |    54 |    75 ||   129
       Tailslap          |     7 |     9 ||    16
       Punch             |       |     1 ||     1
 Cast: Magic Dart        |    49 |    91 ||   140
       Call Imp          |     1 |     5 ||     6
  Use: Scroll            |       |     5 ||     5
       Potion            |       |     2 ||     2
Armor: Skin              |    15 |    26 ||    41
Dodge: Dodged            |    40 |    51 ||    91
